 Dungeon Crawl Stone Soup version 0.19-a0-994-g3c636f0 (webtiles) character file.

48 MrRokkomies the Charmwright (level 3, 0/28 HPs)
             Began as a Vampire Skald on July 15, 2016.
             Was a Follower of Yredelemnul.
             Slain by a hobgoblin
             ... wielding a +0 club
              (4 damage)
             ... on level 2 of the Dungeon.
             The game lasted 00:03:08 (2087 turns).

MrRokkomies the Charmwright (Vampire Skald)         Turns: 2087, Time: 00:03:08

Health: 0/28       AC:  6    Str: 11    XL:     3   Next: 50%
Magic:  6/6        EV: 10    Int: 15    God:    Yredelemnul [*.....]
Gold:   60         SH:  0    Dex: 13    Spells: 3 memorised, 1 level left

rFire  . . .     SeeInvis +     a - +0 falchion
rCold  + . .     Gourm    .     j - +0 ring mail
rNeg   + + .     Faith    .     (no shield)
rPois  +         Spirit   .     (no helmet)
rElec  .         Dismiss  .     b - +0 cloak (curse)
rCorr  .         Reflect  .     (no gloves)
SustAt .         Harm     .     (no boots)
MR     .....                    (no amulet)
Stlth  +.........               (no ring)
                                (no ring)

@: regenerating slowly, not resistant to hostile enchantments, very unstealthy
A: fangs 3, see invisible, unbreathing
a: Bat Form, Animate Remains, Renounce Religion


You were on level 2 of the Dungeon.
You worshipped Yredelemnul.
Yredelemnul was aware of your devotion.
You were thirsty.

You visited 1 branch of the dungeon, and saw 2 of its levels.

You collected 60 gold pieces.

Inventory:

Hand Weapons
 a - a +0 falchion (weapon)
Armour
 b - a cursed +0 cloak (worn)
 j - a +0 ring mail (worn)
Scrolls
 e - a scroll of identify
 f - a scroll of remove curse
Potions
 d - a potion of blood
 h - a potion of flight
Books
 c - a book of Battle

   Spells                             Type                      Level
   a - Infusion                       Charms                       1
   b - Shroud of Golubria             Charms/Translocation         2
   c - Song of Slaying                Charms                       2
   d - Spectral Weapon                Hexes/Charms                 3
   e - Regeneration                   Charms/Necromancy            3


   Skills:
 * Level 2.3 Fighting
 * Level 2.9 Long Blades
 - Level 0.7 Armour
 - Level 1.1 Dodging
 - Level 2.0 Spellcasting
 + Level 3.9 Charms


You had one spell level left.
You knew the following spells:

 Your Spells              Type           Power        Failure   Level  Hunger
a - Infusion              Chrm           ##..         14%         1    #......
b - Shroud of Golubria    Chrm/Tloc      #.........   43%         2    ###....
c - Song of Slaying       Chrm           ##......     21%         2    ###....


Dungeon Overview and Level Annotations

Branches:
Dungeon (2/15)

Altars:
Yredelemnul


Innate Abilities, Weirdness & Mutations

You heal slowly.
You have razor-sharp teeth.
You have supernaturally acute eyesight. (SInv)
You can survive without breathing.


Message History

The hobgoblin is severely wounded.
The hobgoblin hits you but does no damage.
You closely miss the hobgoblin.
The hobgoblin is severely wounded.
The hobgoblin hits you with a club.
* * * LOW HITPOINT WARNING * * *
You barely miss the hobgoblin.
The hobgoblin is severely wounded.
The hobgoblin hits you with a club.
* * * LOW HITPOINT WARNING * * *
Your ring mail prevents you from hitting the hobgoblin.
Your bite misses the hobgoblin.
The hobgoblin is severely wounded.
The hobgoblin barely misses you.
You barely miss the hobgoblin.
You bite the hobgoblin, but do no damage.
The hobgoblin is severely wounded.
The hobgoblin hits you with a club.
You die...
Yredelemnul claims you as an undead slave.

##...##..##..
####.###.#.##..###.
##....#.. #.. ..# .
##.....#.## .
#......... ..
.#........ ...
.........##...#
......g......#
#...@###..#...
##.#†......(.. #
#.###..#... #.# .#
#.# # ..# ###


You could see a hobgoblin.

Vanquished Creatures
  2 dart slugs (D:1)
  A giant cockroach (D:1)
  4 goblins (D:1)
  10 hobgoblins
  4 jackals (D:1)
  5 bats
  2 giant newts
  7 kobolds (D:1)
  5 rats
40 creatures vanquished.

Notes
Turn   | Place    | Note
-------+----------+-------------------------------------------
     0 | D:1      | MrRokkomies the Vampire Skald began the quest for the Orb.
     0 | D:1      | Reached XP level 1. HP: 16/16 MP: 3/3
   309 | D:1      | Reached XP level 2. HP: 11/22 MP: 5/5
  1356 | D:1      | Reached XP level 3. HP: 25/27 MP: 6/6
  1809 | D:1      | Learned a level 2 spell: Shroud of Golubria
  1812 | D:1      | Learned a level 2 spell: Song of Slaying
  1974 | D:2      | Found a faded altar of an unknown god.
  1979 | D:2      | Became a worshipper of Yredelemnul the Dark
  1979 | D:2      | Reached * piety under Yredelemnul
  2087 | D:2      | Slain by a hobgoblin

Vault maps used:
D:1:      dpeg_arrival_morbid_curiosity
D:2:      kennysheep_goblin_castle, ecumenical_altar_1, corexii_corridor_pit,
          uniq_sigmund

Skill      XL: |  1 |
---------------+----+-----
Fighting       | 2 |  2.3
Long Blades    | |  2.9
Armour         | |  0.7
Dodging        | |  1.1
Spellcasting   | |  2.0
Charms         | |  3.9

Action                   || total
-------------------------++-------
Melee: Falchion          ||   145
       Bite              ||    10
 Cast: Infusion          ||     2
  Use: Scroll            ||     6
  Eat: Corpse            ||     2
Armor: Leather armour    ||    17
       Ring mail         ||    24
Dodge: Dodged            ||    69
